 Dungeon Crawl Stone Soup version 0.30-a0-576-g89cddaab80 (webtiles) character file.

Game seed: 12928387136149343693

5473 Charly the Prestidigitator (level 10, -1/82 HPs)
             Began as a Spriggan Transmuter on Dec 30, 2022.
             Was an Initiate of Gozag.
             Engulfed by a cloud of steam (4 damage)
             ... on level 6 of the Dungeon.
             The game lasted 00:31:00 (9924 turns).

Charly the Prestidigitator (Spriggan Transmuter)    Turns: 9924, Time: 00:31:00

Health: -1/82      AC:  2    Str:  6    XL:     10   Next: 42%
Magic:  15/15      EV: 22    Int: 25    God:    Gozag
Gold:   413        SH:  0    Dex: 22    Spells: 4/14 levels left

rFire   . . .      SeeInvis +      - Unarmed
rCold   . . .      Faith    .    g - orb {*Rage}
rNeg    . . .      Spirit   .    a - +0 robe
rPois   .          Reflect  .    (helmet restricted)
rElec   .          Harm     .    h - scarf {+Inv}
rCorr   .          Rampage  .    (gloves unavailable)
Will    +....      Rage     20%  (boots unavailable) Stlth
                                 (no amulet)
HPRegen 0.33/turn                e - +6 ring of intelligence
MPRegen 0.14/turn                w - +6 ring of dexterity

@: berserking, gold aura, very quick
A: very small, no large weapons, unfitting armour, see invisible, speed 3
a: Renounce Religion, Evoke Invisibility, Potion Petition, Call Merchant, Bribe
Branch


You were on level 6 of the Dungeon.
You worshipped Gozag.
Gozag was aware of your devotion.
You visited 1 branch of the dungeon, and saw 8 of its levels.
You also visited: Ossuary.

You collected 890 gold pieces.
You spent 360 gold pieces at shops.
You paid 117 gold pieces to Gozag.

Inventory:

Missiles
 A - a curare-tipped dart
Armour
 a - a +0 robe (worn)
 g - an orb of wrath (worn)
 h - a scarf of invisibility (worn)
Jewellery
 e - a +6 ring of intelligence (left hand)
 p - a ring of poison resistance
 w - a +6 ring of dexterity (right hand)
 D - a +6 ring of strength
Wands
 c - a wand of roots (5)
 F - a wand of light (8)
 G - a wand of polymorph (10)
Scrolls
 d - 3 scrolls of magic mapping
 i - a scroll of vulnerability
 j - 3 scrolls of fear
 k - 2 scrolls of silence
 l - 5 scrolls of immolation
 m - 2 scrolls of amnesia
 n - 2 scrolls of poison
 s - 3 scrolls of fog
 y - a scroll of blinking {unknown}
 z - a scroll of enchant weapon
 B - 2 scrolls of summoning
 C - 4 scrolls of teleportation
Potions
 b - 2 potions of lignification
 f - 4 potions of heal wounds
 o - a potion of berserk rage
 q - a potion of curing
 r - 2 potions of haste
 t - a potion of mutation
 u - a potion of resistance
 v - a potion of cancellation
 x - a potion of might


   Skills:
 + Level 7.3 Fighting
 + Level 6.7 Dodging
 - Level 5.0 Stealth
 * Level 7.7 Unarmed Combat
 - Level 2.6 Spellcasting
 - Level 2.6 Transmutations
 + Level 10.0 Evocations


You had 4 spell levels left.
You knew the following spells:

 Your Spells              Type           Power      Damage    Failure   Level
a - Beastly Appendage     Tmut           32%        N/A       3%          1
w - Wereblood             Tmut           16%        N/A       5%          2
I - Ice Form              Ice/Tmut       10%        N/A       52%         4
S - Spider Form           Tmut/Pois      10%        N/A       19%         3

Your spell library contained the following spells:

 Spells                   Type           Power      Damage    Failure   Level
 Cigotuvi's Dreadful Rot  Necr/Pois/Air  6%         N/A       16%         2
 Poisonous Vapours        Pois/Air       6%         N/A       16%         2
 Mephitic Cloud           Conj/Pois/Air  3%         N/A       30%         3


Dungeon Overview and Level Annotations

Branches:
Dungeon (8/15)             Temple (0/1) D:7         Ossuary (visited)
   Lair: D:8-11

Altars:
Fedhas
Gozag
Hepliaklqana
Nemelex Xobeh
Uskayaw
Xom

Annotations:
D:8 Erica


Innate Abilities, Weirdness & Mutations

You are very small and have problems with some larger weapons.
You are too small for most types of armour.
You have supernaturally acute eyesight. (SInv)
You cover ground extremely quickly. (Speed+++)


Message History

You closely miss the steam dragon. Your headbutt misses the steam dragon.
The steam dragon is heavily wounded.
The steam dragon completely misses you. The steam dragon closely misses you.
You hit the steam dragon but do no damage.
You claw the steam dragon, but do no damage.
You headbutt the steam dragon.
The steam dragon is severely wounded.
Your horns disappear.
Your talons disappear.
The steam dragon breathes steam at you. The ball of steam misses you.
You closely miss the steam dragon.
The steam dragon is severely wounded.
You are engulfed in a cloud of scalding steam.
The steam dragon breathes steam at you. The ball of steam hits you!!
You hit the steam dragon but do no damage.
The steam dragon is severely wounded.
You hit the steam dragon.
The steam dragon is severely wounded.
The steam dragon closely misses you. The steam dragon claws you.
A red film seems to cover your vision as you go berserk!
You feel yourself moving faster!
You feel mighty!
You completely miss the steam dragon.
The steam dragon is severely wounded.
You are engulfed in a cloud of scalding steam.
* * * LOW HITPOINT WARNING * * *
The steam dragon bites you!
* * * LOW HITPOINT WARNING * * *
The steam dragon completely misses you.
You hit the steam dragon.
The steam dragon is almost dead.
The steam dragon breathes steam at you. The ball of steam hits you.
* * * LOW HITPOINT WARNING * * *
You hit the steam dragon.
You kill the steam dragon!
The electric eel returns to its original shape as it dies.
You are engulfed in a cloud of scalding steam.
You die...
Your body crumbles into a pile of gold.

..##+##....#...#.#####.#
..#...#....#...'.##h#§##
..#.⌠.#....#..######J##
..#...#...###.....# ##
.)##'##...#######'########
.).................'..(..#
....#...........§..#.....#
....#..........§§..#.....#
....#.....#####.@'###+####
....#.....##.###$##
....#........#.....
....#........#.~~~~.
#...##.......#.≈~≈~.#
#...##....####.~≈≈~.#
....####'#####.~≈≈~.#
............##.~≈~~.#
............##


There were no monsters in sight!

Vanquished Creatures
  A two-headed ogre (D:8)
  An ugly thing (D:8)
  A troll (D:7)
  Sigmund (D:3)
  A basilisk (D:8)
  A steam dragon (D:6)
  Menkaure (D:4)
  A water moccasin (D:6)
  2 orc warriors (D:8)
  4 ice beasts
  A sky beast (D:8)
  2 black bears
  2 centaurs (D:8)
  3 ogres
  2 kobold brigands
  2 elf skeletons (D:4)
  2 bullfrogs
  An elf zombie (D:4)
  A gnoll sergeant (D:5)
  12 scorpions
  A wight (D:8)
  5 killer bees (D:8)
  4 centaur zombies (Ossuary)
  5 human zombies
  5 jellies
  3 hounds
  4 orc priests
  A human skeleton (D:4)
  2 orc wizards
  3 scorpion zombies (Ossuary)
  3 mummies (Ossuary)
  4 gnolls (D:5)
  8 adders
  An ufetubus (D:6)
  A worm (D:3)
  3 dart slugs
  25 orcs
  6 ball pythons
  8 endoplasms
  5 giant cockroaches
  A gnoll zombie (Ossuary)
  6 goblins
  10 hobgoblins
  4 jackals (D:1)
  3 quokkas
  3 bats
  6 frilled lizards
  A goblin zombie (Ossuary)
  2 hobgoblin zombies (Ossuary)
  18 kobolds
  2 kobold zombies (Ossuary)
  An orc skeleton (D:4)
  4 orc zombies (Ossuary)
  3 rats
203 creatures vanquished.

Notes
Turn   | Place    | Note
-------+----------+-------------------------------------------
     0 | D:1      | Charly the Spriggan Transmuter began the quest for the Orb.
     0 | D:1      | Reached XP level 1. HP: 9/9 MP: 5/5
   190 | D:1      | Reached skill level 1 in Fighting
   190 | D:1      | Reached skill level 1 in Stealth
   270 | D:1      | Reached XP level 2. HP: 9/14 MP: 4/6
   273 | D:1      | Learned a level 2 spell: Wereblood
   870 | D:1      | Reached XP level 3. HP: 18/18 MP: 6/8
   905 | D:1      | Learned a level 3 spell: Spider Form
  2000 | D:2      | Reached XP level 4. HP: 23/23 MP: 5/9
  2396 | D:3      | Noticed Sigmund
  3336 | D:4      | Found a blossoming altar of Fedhas.
  3394 | D:4      | Reached skill level 1 in Evocations
  3394 | D:4      | Reached XP level 5. HP: 15/27 MP: 8/10
  3465 | D:4      | Reached skill level 2 in Evocations
  3531 | D:4      | Reached skill level 5 in Stealth
  3531 | D:4      | Reached XP level 6. HP: 32/32 MP: 9/11
  3559 | D:4      | Found a sand-covered staircase.
  3571 | Ossuary  | Entered an ossuary
  3646 | Ossuary  | Reached skill level 3 in Evocations
  3720 | Ossuary  | Reached XP level 7. HP: 30/36 MP: 9/12
  3721 | Ossuary  | Reached skill level 4 in Evocations
  3980 | Ossuary  | Reached skill level 5 in Evocations
  4276 | Ossuary  | Reached skill level 5 in Unarmed Combat
  4327 | Ossuary  | Reached XP level 8. HP: 8/42 MP: 13/13
  4993 | D:4      | Noticed Menkaure
  5032 | D:4      | Killed Menkaure
  5086 | D:4      | Reached skill level 5 in Fighting
  5139 | D:4      | HP: 1/43 [ice beast (11)]
  5570 | D:3      | Killed Sigmund
  5571 | D:3      | Reached skill level 6 in Evocations
  5828 | D:5      | Entered Level 5 of the Dungeon
  6313 | D:5      | Reached skill level 7 in Evocations
  6519 | D:5      | Reached XP level 9. HP: 48/48 MP: 12/14
  7126 | D:5      | Found a sparkling altar of Nemelex Xobeh.
  7318 | D:6      | Learned a level 4 spell: Ice Form
  7370 | D:6      | Reached skill level 8 in Evocations
  7392 | D:6      | Found an opulent altar of Gozag.
  7402 | D:6      | Became a worshipper of Gozag Ym Sagoz the Greedy
  7492 | D:6      | Found a hazy altar of Hepliaklqana.
  7493 | D:6      | Found a shimmering altar of Xom.
  7494 | D:6      | Noticed a spectral ugly thing
  7923 | D:7      | Found Feneon's Magic Scroll Shoppe.
  7928 | D:7      | Bought a scroll of magic mapping for 120 gold pieces
  7928 | D:7      | Bought a scroll of identify for 32 gold pieces
  7928 | D:7      | Bought 2 scrolls of identify for 64 gold pieces
  7928 | D:7      | Bought a scroll of identify for 32 gold pieces
  7928 | D:7      | Bought a scroll of immolation for 64 gold pieces
  7928 | D:7      | Bought a scroll of teleportation for 48 gold pieces
  8204 | D:7      | Found a staircase to the Ecumenical Temple.
  8375 | D:7      | Noticed a troll
  8386 | D:7      | Killed a troll
  8686 | D:8      | Noticed Erica
  8776 | D:8      | Reached skill level 5 in Dodging
  8776 | D:8      | Reached skill level 9 in Evocations
  8809 | D:8      | Noticed a brown ugly thing
  8846 | D:8      | Killed a brown ugly thing
  8847 | D:8      | Reached XP level 10. HP: 53/53 MP: 12/15
  9023 | D:8      | Found a hide-covered altar of Uskayaw.
  9191 | D:8      | Identified the +0 leather armour of Hib Dang {Rampage rPois
                  | Int+4 Dex-5}
  9532 | D:8      | Noticed a two-headed ogre
  9543 | D:8      | Killed a two-headed ogre
  9544 | D:8      | Reached skill level 10 in Evocations
  9923 | D:6      | HP: 3/82 [steam dragon/ball of steam (6)]
  9924 | D:6      | Engulfed by a cloud of steam

Illustrated notes

Levels and vault maps discovered:
D:1:      reono_arrival_forest_river, layout_basic
D:2:      layout_basic, hangedman_abyss_or_decor_stabs, wad_orctagon
D:3:      layout_rooms, minmay_tree_intersection, grunt_ministairs_4,
          serial_park_tiny_1, chequers_serial_rivers_micro_b, uniq_sigmund
D:4:      layout_rooms, lemuel_crystal_altar, nicolae_ossuary_entry_catacombs,
          uniq_menkaure
D:5:      layout_basic, nemelex_spade_bored_becter
D:6:      layout_gridville, grunt_gozag_breadcrumbs,
          regret_index_temple_of_mockery, minmay_misc_feat_room,
          nrook_pool_corridor
D:7:      layout_loops_cross, minmay_temple_entry_fiery, serial_shops,
          nicolae_shop_trees
D:8:      minmay_chambers_of_sixes, layout_loops_corners,
          mainiacjoe_overflow_brackets, uniq_erica

Skill      XL: |  1  2  3  4  5  6  7  8  9 10 |
---------------+-------------------------------+-----
Fighting       | 1 2 3 4 5 6 7 |  7.3
Stealth        | 1 2 3 4 5 |  5.0
Unarmed Combat | 3 4 5 6 7 |  7.7
Evocations     | 1 2 3 5 7 9 10 | 10.0
Dodging        | 5 6 |  6.7
Spellcasting   | |  2.6
Transmutations | |  2.6

Action                   |  1- 3 |  4- 6 |  7- 9 | 10-12 || total
-------------------------+-------+-------+-------+-------++-------
Melee: Unarmed           |   115 |   136 |   336 |    70 ||   657
       Kick              |    19 |    29 |    95 |    20 ||   163
       Headbutt          |    15 |    12 |    72 |    12 ||   111
 Cast: Beastly Appendage |    32 |    15 |    50 |     6 ||   103
       Wereblood         |     2 |     5 |    15 |     4 ||    26
       Spider Form       |       |     1 |       |       ||     1
Evoke: Wand              |       |       |     3 |     1 ||     4
  Use: Scroll            |     2 |     5 |    12 |     4 ||    23
       Potion            |       |       |     1 |       ||     1
 Stab: Sleeping          |     1 |     2 |    11 |     1 ||    15
       Distracted        |       |       |       |     1 ||     1
Armor: Robe              |     5 |    10 |    22 |       ||    37
Dodge: Dodged            |    61 |    71 |   226 |    42 ||   400

Table legend: (Time is in decaauts)
 A = Elapsed time spent in this place.
 B = Non-inter-level travel time spent in this place.
 C = Inter-level travel time spent in this place.
 D = Time resting spent in this place.
 E = Time spent auto-exploring this place.
 F = Levels seen in this place.
 G = Mean time per level.
                   A        B        C        D        E       F      G
               +--------+--------+--------+--------+--------+-----+--------+
         Total |   8202 |   7925 |    277 |   1911 |   3997 |   9 |  911.3 |
       Dungeon |   7140 |   6863 |    277 |   1557 |   3643 |   8 |  892.5 |
       Ossuary |   1061 |   1061 |      0 |    354 |    354 |   1 | 1061.0 |
               +--------+--------+--------+--------+--------+-----+--------+

Top non-repeatable levels by time:
     D:3: 1320 daAuts
     D:4: 1129 daAuts
 Ossuary: 1061 daAuts
     D:5: 945 daAuts
     D:8: 912 daAuts
     D:1: 898 daAuts
     D:2: 861 daAuts
     D:7: 555 daAuts
     D:6: 518 daAuts
